 Dungeon Crawl Stone Soup version 0.30.0-11-gf55b779eaf (webtiles) character file.

Game seed: 3668614533972333047

1 safid the Chiller (level 1, 0/13 HPs)
             Began as a Merfolk Ice Elementalist on May 16, 2023.
             Slain by a jackal (2 damage)
             ... on level 1 of the Dungeon.
             The game lasted 00:00:08 (76 turns).

safid the Chiller (Merfolk Ice Elementalist)          Turns: 76, Time: 00:00:09

Health: 0/13       AC:  2    Str:  8    XL:     1   Next: 20%
Magic:  1/3        EV: 12    Int: 14    God:
Gold:   0          SH:  0    Dex: 14    Spells: 3/4 levels left

rFire   . . .        (no weapon)
rCold   . . .        (no shield)
rNeg    . . .        a - +0 robe
rPois   .            (no helmet)
rElec   .            (no cloak)
rCorr   .            (no gloves)
SInv    .            (no boots)
Will    .....        (no amulet)
Stlth   ++           (no ring)
HPRegen 0.22/turn    (no ring)
MPRegen 0.08/turn

%: no passive effects
@: no status effects
A: (nimble swimmer 2), mertail
a: no special abilities


You were on level 1 of the Dungeon.
You visited 1 branch of the dungeon, and saw 1 of its levels.

Inventory:

Armour
 a - a +0 robe (worn)
Potions
 b - a potion of magic
 c - a potion of ambrosia {unknown}
 d - a potion of heal wounds {unknown}


   Skills:
 + Level 0.1 Fighting
 - Level 2.6 Dodging
 - Level 2.1 Stealth
 + Level 2.0 Spellcasting
 + Level 4.4 Ice Magic


You had 3 spell levels left.
You knew the following spells:

 Your Spells              Type           Power      Damage    Failure   Level
a - Freeze                Ice            52%        1d6       3%          1

Your spell library contained the following spells:

 Spells                   Type           Power      Damage    Failure   Level
 Frozen Ramparts          Ice            26%        1d4       12%         3
 Ozocubu's Armour         Ice            13%        N/A       12%         3
 Summon Ice Beast         Ice/Summ       7%         N/A       67%         4


Dungeon Overview and Level Annotations

Branches:
Dungeon (1/15)

Altars:


Innate Abilities, Weirdness & Mutations

((You are very nimble when in or above water. (Stealth+, EV+, Speed+++)))
Your lower body shifts to a powerful aquatic tail in water.


Message History

You closely miss the jackal. Your punch misses the jackal.
The jackal misses you. The jackal barely misses you.
You hit the jackal but do no damage. The jackal barely misses you.
You hit the jackal but do no damage. The jackal misses you.
You hit the jackal but do no damage. The jackal closely misses you.
The jackal barely misses you.
You hit the jackal. You punch the jackal.
The jackal is heavily wounded.
The jackal barely misses you.
You barely miss the jackal.
The jackal is heavily wounded.
The jackal barely misses you. The jackal bites you.
You barely miss the jackal.
The jackal is moderately wounded.
The jackal bites you but does no damage.
You hit the jackal but do no damage.
The jackal is moderately wounded.
The jackal closely misses you.
You hit the jackal but do no damage.
The jackal is moderately wounded.
The jackal bites you. x2
You are too injured to fight recklessly!
You are too injured to fight recklessly!
You are too injured to fight recklessly!
You are too injured to fight recklessly!
You are too injured to fight recklessly!
You are too injured to fight recklessly!
Unknown command.
You hit the jackal.
The jackal is severely wounded.
The jackal bites you.
You miss the jackal.
The jackal is severely wounded.
The jackal bites you.
* * * LOW HITPOINT WARNING * * *
The jackal barely misses you.
You hit the jackal.
The jackal is almost dead.
The jackal bites you.
You die...

+.'.# #..# ###.###
#..# +#'.# #..######
##.###.... ...
+.+#'.#..# #..
###.###.#..# #.#
...........# #h#
#.#.#####.## #h#
#.##.####.#####@#####
#.#.......##........#
##.........##.##.###.#
.....#.######.##.#
##.##.#######.##.#
.#.........##.##.#
.........#.##.##.#
#.######.#.##.##.# #
#.#.##.# ..


You could see 2 jackals.

Vanquished Creatures
  A jackal (D:1)
1 creature vanquished.

Notes
Turn   | Place    | Note
-------+----------+-------------------------------------------
     0 | D:1      | safid the Merfolk Ice Elementalist began the quest for the
                  | Orb.
     0 | D:1      | Reached XP level 1. HP: 13/13 MP: 3/3
    76 | D:1      | Slain by a jackal

Illustrated notes

Levels and vault maps discovered:
D:1:      erik_arrival_triangle_medium, layout_loops_ring,
          shapermc_ecumenical_altar_mp_vishouse, minmay_statues_item

Action                     || total
---------------------------++-------
  Melee: Unarmed           ||    13
         Punch             ||     1
   Cast: Freeze            ||     3
 Armour: Robe              ||     1
  Dodge: Dodged            ||    14
